 Dungeon Crawl Stone Soup version 0.27-a0-1565-gad902ab807 (webtiles) character file.

Game seed: 12674531818537835398

17178 Aviak the Slicer (level 11, -7/92 HPs)
             Began as a Demigod Ice Elementalist on July 16, 2021.
             Mangled by a two-headed ogre (26 damage)
             ... on level 12 of the Dungeon.
             The game lasted 00:26:29 (14887 turns).

Aviak the Slicer (Demigod Ice Elementalist)        Turns: 14887, Time: 00:26:30

Health: -7/92      AC:  9    Str: 13    XL:     11   Next: 88%
Magic:  3/25       EV: 13    Int: 25    God:
Gold:   807        SH:  5    Dex: 14    Spells: 1/23 levels left

rFire    + . .     SeeInvis .   b - +2 short sword (speed)
rCold    + . .     Faith    .   q - +0 buckler
rNeg     + . .     Spirit   .   m - +1 leather armour of Daffodils {rN+}
rPois    +         Reflect  .   P - +0 helmet
rElec    .         Harm     .   A - scarf {rC+ rF+}
rCorr    .         Rampage  .   (no gloves)
Will     +....                  (no boots)
Stlth    ++........             B - amulet of regeneration
HPRegen  1.25/turn              L - ring "Adeonu" {rPois AC+4}
MPRegen  0.19/turn              (no ring)

@: freezing walls, very slightly contaminated, studying Short Blades
A: high mp 1, forlorn
a: no special abilities


You were on level 12 of the Dungeon.
You visited 1 branch of the dungeon, and saw 12 of its levels.
You also visited: Sewer and Ossuary.

You collected 807 gold pieces.

Inventory:

Hand Weapons
 b - a +2 short sword of speed (weapon)
 p - a +1 vampiric short sword {!w}
 z - a +0 dagger of holy wrath
Missiles
 a - 4 boomerangs of dispersal
 u - 5 curare-tipped darts
Armour
 m - the +1 leather armour of Daffodils (worn) {rN+}
   (You found it on level 6 of the Dungeon)

   rN:        It protects you from negative energy.
 q - a +0 buckler (worn)
 r - a +2 cloak
 w - a +2 cloak of willpower
 A - a scarf of resistance (worn)
 J - a +2 scale mail of fire resistance
 P - a +0 helmet (worn)
 S - the +1 chain mail of the Tarantula {rPois rN+}
   (You took it off an orc on level 7 of the Dungeon)

   rPois:     It protects you from poison.
   rN:        It protects you from negative energy.
 U - a +0 kite shield
Jewellery
 j - an amulet of magic regeneration
 B - an amulet of regeneration (around neck)
 L - the ring "Adeonu" (left hand) {rPois AC+4}
   (You found it on level 6 of the Dungeon)

   [ring of protection]

   AC:        It affects your AC (+4).
   rPois:     It protects you from poison.
 N - a ring of resist corrosion
 Q - a ring of willpower
 T - the ring "Ukebeti" {rF+ rC+ Int+3 Dex-5}
   (You found it on level 9 of the Dungeon)

   [ring of protection from fire]

   Int:       It affects your intelligence (+3).
   Dex:       It affects your dexterity (-5).
   rF:        It protects you from fire.
   rC:        It protects you from cold.
 V - an amulet of guardian spirit
 Z - a ring of see invisible
Wands
 i - a wand of acid (8)
 M - a wand of flame (53)
 O - a wand of iceblast (6)
 W - a wand of charming (5)
 Y - a wand of paralysis (10)
Scrolls
 k - a scroll of brand weapon {unknown}
 n - 7 scrolls of enchant armour
 o - 7 scrolls of fear
 s - a scroll of magic mapping {unknown}
 t - 9 scrolls of teleportation
 v - 2 scrolls of blinking {unknown}
 x - 6 scrolls of amnesia
 y - 3 scrolls of immolation {unknown}
 D - 3 scrolls of fog {unknown}
 F - 2 scrolls of vulnerability {unknown}
 H - 3 scrolls of holy word
Potions
 c - 5 potions of curing
 d - a potion of resistance {unknown}
 e - a potion of brilliance
 f - 4 potions of haste
 g - 3 potions of attraction
 h - 4 potions of heal wounds
 l - 2 potions of cancellation
 C - a potion of ambrosia
 E - 5 potions of flight
 G - 2 potions of mutation {!q}
 I - 2 potions of invisibility
 K - a potion of magic
 R - a potion of might {unknown}
 X - a potion of berserk rage {unknown}


   Skills:
 - Level 7.4 Fighting
 + Level 9.5 Short Blades
 + Level 4.6 Dodging
 - Level 1.7 Stealth
 - Level 4.0 Shields
 - Level 6.6 Spellcasting
 + Level 8.1 Conjurations
 + Level 6.6 Fire Magic
 - Level 6.2 Ice Magic
 + Level 4.0 Earth Magic


You had one spell level left.
You knew the following spells:

 Your Spells              Type           Power      Damage    Failure   Level
a - Freeze                Ice            100%       1d11      1%          1
b - Frozen Ramparts       Ice            78%        1d9       1%          3
c - Ozocubu's Armour      Ice            39%        N/A       1%          3
d - Hailstorm             Conj/Ice       44%        3d10      4%          4
e - Sticky Flame          Conj/Fire      45%        2d6       4%          4
f - Bolt of Magma         Conj/Fire/Erth 19%        4d10      19%         5
q - Static Discharge      Conj/Air       28%        N/A       2%          2

Your spell library contained the following spells:

 Spells                   Type           Power      Damage    Failure   Level
 Foxfire                  Conj/Fire      100%       2x1d9     1%          1
 Magic Dart               Conj           100%       1d8       1%          1
 Animate Skeleton         Necr           16%        N/A       9%          1
 Apportation              Tloc           16%        N/A       9%          1
 Corona                   Hex            8%         N/A       9%          1
 Pain                     Necr           32%        1d5       9%          1
 Summon Small Mammal      Summ           32%        N/A       9%          1
 Conjure Flame            Conj/Fire      45%        6-21      1%          3
 Stone Arrow              Conj/Erth      76%        3d11      2%          3
 Inner Flame              Hex/Fire       24%        N/A       7%          3
 Mephitic Cloud           Conj/Pois/Air  21%        N/A       9%          3
 Blink                    Tloc           N/A        N/A       14%         2
 Call Imp                 Summ           8%         N/A       14%         2
 Ice Form                 Ice/Tmut       24%        N/A       24%         4
 Lesser Beckoning         Tloc           4%         N/A       26%         3
 Vampiric Draining        Necr           4%         2d6       26%         3
 Lightning Bolt           Conj/Air       14%        1d27      41%         5
 Metabolic Englaciation   Hex/Ice        12%        N/A       56%         5
 Dispel Undead            Necr           8%         3d8       65%         4
 Manifold Assault         Tloc           8%         N/A       94%         5
 Simulacrum               Ice/Necr       12%        N/A       98%         6
 Maxwell's Capacitive Co  Air            4%         ∞         100%        8
 Shatter                  Erth           14%        3d14*     100%        9


Dungeon Overview and Level Annotations

Branches:
Dungeon (12/15)            Temple (0/1) D:4            Lair (0/6) D:8
    Orc (0/2) D:9           Sewer (visited)         Ossuary (visited)

Annotations:
D:4 1 runed translucent door, p0werm0de's ghost, novice DsFi
D:6 2 runed translucent doors
D:9 3 runed translucent doors, Lanoc's ghost, novice NaCK; PanSaczeczos's ghost, journeyman HuBe; bmj180's ghost, journeyman DrCj; qborf's ghost, novice FeBe; semitonal's ghost, novice DrTm


Innate Abilities, Weirdness & Mutations

Your attributes grow dramatically as you level up.
You have an increased reservoir of magic. (+10% MP)
You shall have no god before yourself.


Message History

You are very lightly contaminated with residual magic.
Energy rips through your body!
The wall freezes the two-headed ogre.
The two-headed ogre hits you with a +0 giant club!!
The two-headed ogre closely misses you.
Casting: Bolt of Magma (dangerous; 19% risk of failure)
Confirm with . or Enter, or press ? or * to list all spells.
Aiming: Bolt of Magma (dangerous; 19% risk of failure)
Press: ? - help, Shift-Dir - straight line, f/p - two-headed ogre
Aim: a two-headed ogre, wielding two +0 giant clubs (lightly wounded, 85% to hit)
The bolt of magma misses the two-headed ogre.
Casting: Bolt of Magma (dangerous; 19% risk of failure)
Confirm with . or Enter, or press ? or * to list all spells.
Aiming: Bolt of Magma (dangerous; 19% risk of failure)
Press: ? - help, Shift-Dir - straight line, f/p - two-headed ogre
Aim: a two-headed ogre, wielding two +0 giant clubs (lightly wounded, 85% to hit)
The bolt of magma hits the two-headed ogre!!
The two-headed ogre is heavily wounded.
The wall freezes the two-headed ogre.
The two-headed ogre hits you with a +0 giant club.
The two-headed ogre hits you with a +0 giant club!
Casting: Bolt of Magma (dangerous; 19% risk of failure)
Confirm with . or Enter, or press ? or * to list all spells.
Aiming: Bolt of Magma (dangerous; 19% risk of failure)
Press: ? - help, Shift-Dir - straight line, f/p - two-headed ogre
Aim: a two-headed ogre, wielding two +0 giant clubs (heavily wounded, 85% to hit)
The bolt of magma hits the two-headed ogre!!
The two-headed ogre is almost dead.
The wall freezes the two-headed ogre.
The two-headed ogre hits you with a +0 giant club! x2
* * * LOW HITPOINT WARNING * * *
Unknown command.
Okay, then.
Casting: Bolt of Magma (dangerous; 19% risk of failure)
Confirm with . or Enter, or press ? or * to list all spells.
You don't have enough magic to cast this spell.
The wall freezes the two-headed ogre.
The two-headed ogre hits you with a +0 giant club.
* * * LOW HITPOINT WARNING * * *
The two-headed ogre hits you with a +0 giant club!!
You die...

######### #.......# .# #.......#
.# #.......#
.#############.......#
.....................#
.....................###########
................@..............#
................#O######.......#
.........######.#......#...#####
.........# #.#......#...#
.........# #.#.....##...#
###......# #.#.....#..###
..######.# #.##....#..#
.......'.# #..#....#..######
.......#.######..######.......#


You could see a two-headed ogre.

Vanquished Creatures
  2 hydras
  A centaur warrior (D:9)
  6 two-headed ogres
  Pikel (D:6)
  A cyclops (D:11)
  A manticore (D:11)
  Maurice (D:10)
  A gargoyle (D:12)
  2 komodo dragons (D:8)
  2 trolls
  9 yaks
  2 wraiths (D:11)
  Sigmund (D:6)
  3 wyverns (D:8)
  3 vampire mosquitoes
  2 steam dragons
  Duvessa (D:6)
  An acid dragon (D:8)
  5 orc warriors
  3 water moccasins
  3 sky beasts
  3 ice beasts
  4 black bears
  3 necrophages
  4 lemures (D:6)
  5 centaurs
  2 kobold brigands
  4 elf zombies (Ossuary)
  A bullfrog (D:7)
  A gnoll sergeant (D:8)
  A wyvern zombie (D:8)
  A wyvern skeleton (D:6)
  13 killer bees
  Dowan (D:6)
  6 howler monkeys
  3 wights (D:8)
  5 centaur zombies
  A bullfrog zombie (D:6)
  6 human zombies (Ossuary)
  2 hounds (D:4)
  2 orc priests (D:7)
  A gnoll shaman (D:4)
  A bullfrog skeleton (D:7)
  A jelly (D:6)
  A centaur skeleton (D:6)
  Terence (D:2)
  2 iguanas
  5 orc wizards
  A hound skeleton (D:4)
  3 mummies (Ossuary)
  17 gnolls
  8 adders
  2 shadow imps
  A white imp (D:7)
  2 ufetubi
  An adder skeleton (D:4)
  7 worms
  3 dart slugs
  25 orcs
  13 bats
  13 endoplasms
  2 giant cockroaches
  4 goblins
  9 hobgoblins
  12 jackals
  5 quokkas
  13 ball pythons
  9 frilled lizards
  20 kobolds
  7 rats
308 creatures vanquished.

Notes
Turn   | Place    | Note
-------+----------+-------------------------------------------
     0 | D:1      | Aviak the Demigod Ice Elementalist began the quest for the
                  | Orb.
     0 | D:1      | Reached XP level 1. HP: 14/14 MP: 5/5
   194 | D:1      | Reached XP level 2. HP: 15/22 MP: 4/7
  1114 | D:1      | Reached skill level 1 in Fighting
  1554 | D:2      | Reached XP level 3. HP: 28/28 MP: 9/9
  1586 | D:2      | Learned a level 3 spell: Frozen Ramparts
  1589 | D:2      | Learned a level 2 spell: Static Discharge
  1682 | D:2      | Noticed Terence
  1691 | D:2      | Killed Terence
  2054 | D:2      | Reached XP level 4. HP: 36/36 MP: 7/10
  2909 | D:3      | Reached XP level 5. HP: 32/41 MP: 9/12
  2921 | D:3      | Learned a level 3 spell: Ozocubu's Armour
  3714 | D:4      | Noticed a necrophage
  3726 | D:4      | Killed a necrophage
  3727 | D:4      | Reached skill level 1 in Shields
  3886 | D:4      | Reached skill level 5 in Ice Magic
  3886 | D:4      | Reached XP level 6. HP: 48/49 MP: 12/14
  4035 | D:4      | Found a runed translucent door.
  4035 | D:4      | Noticed p0werm0de's ghost (novice DsFi)
  4283 | D:4      | Found a staircase to the Ecumenical Temple.
  4882 | D:5      | Entered Level 5 of the Dungeon
  4895 | D:5      | Reached XP level 7. HP: 43/56 MP: 14/16
  5041 | D:5      | Found a glowing drain.
  5070 | Sewer    | Entered a sewer
  6725 | D:6      | Found a large runed translucent door.
  6726 | D:6      | Found a large runed translucent door.
  6730 | D:6      | Noticed Sigmund
  6824 | D:6      | Found a sand-covered staircase.
  6845 | D:6      | Learned a level 4 spell: Hailstorm
  6847 | Ossuary  | Entered an ossuary
  6961 | Ossuary  | Reached skill level 5 in Spellcasting
  6973 | Ossuary  | Reached XP level 8. HP: 39/62 MP: 19/19
  7032 | Ossuary  | Reached skill level 1 in Conjurations
  7673 | D:6      | Killed Sigmund
  7680 | D:6      | Found a large runed translucent door.
  7680 | D:6      | Found a large runed translucent door.
  7987 | D:6      | Identified the ring "Adeonu" {rPois AC+4}
  8047 | D:6      | Noticed Pikel
  8049 | D:6      | Noticed Duvessa
  8049 | D:6      | Noticed Dowan
  8055 | D:6      | Killed Dowan
  8057 | D:6      | Reached XP level 9. HP: 65/72 MP: 1/22
  8059 | D:6      | Killed Pikel
  8060 | D:6      | Reached skill level 5 in Fighting
  8140 | D:6      | Killed Duvessa
  8251 | D:6      | Learned a level 4 spell: Sticky Flame
  8305 | D:6      | Reached skill level 1 in Short Blades
  8464 | D:6      | Reached skill level 1 in Fire Magic
  8471 | D:6      | Reached skill level 2 in Short Blades
  8543 | D:6      | Identified the +1 leather armour of Daffodils {rN+}
  8603 | D:6      | Reached skill level 5 in Conjurations
  8712 | D:7      | Reached skill level 3 in Short Blades
  8950 | D:7      | Identified the +1 chain mail of the Tarantula {rPois rN+}
  9782 | D:8      | Reached skill level 4 in Short Blades
 10170 | D:8      | Reached XP level 10. HP: 83/83 MP: 18/23
 10427 | D:8      | Reached skill level 5 in Short Blades
 10642 | D:8      | Found a staircase to the Lair.
 10835 | D:9      | You fall into a shaft and drop 1 floor!
 10835 | D:10     | Entered Level 10 of the Dungeon
 10835 | D:10     | Noticed Maurice
 10843 | D:10     | Killed Maurice
 10844 | D:10     | Reached skill level 6 in Short Blades
 11230 | D:10     | Noticed a two-headed ogre
 11243 | D:10     | Killed a two-headed ogre
 11244 | D:10     | Reached skill level 7 in Short Blades
 11428 | D:10     | Learned a level 5 spell: Bolt of Magma
 11504 | D:10     | Reached skill level 5 in Fire Magic
 11836 | D:11     | Noticed a two-headed ogre
 11843 | D:11     | Killed a two-headed ogre
 11844 | D:11     | Reached skill level 1 in Earth Magic
 11844 | D:11     | Reached XP level 11. HP: 64/92 MP: 5/25
 12047 | D:11     | Noticed a five-headed hydra
 12128 | D:9      | Noticed a two-headed ogre
 12137 | D:9      | Killed a two-headed ogre
 12258 | D:9      | Noticed a centaur warrior
 12267 | D:9      | Killed a centaur warrior
 12268 | D:9      | Reached skill level 8 in Short Blades
 12417 | D:9      | Noticed a two-headed ogre
 12442 | D:9      | Killed a two-headed ogre
 12627 | D:9      | Identified the ring "Ukebeti" {rF+ rC+ Int+3 Dex-5}
 12657 | D:9      | Found a staircase to the Orcish Mines.
 12728 | D:9      | Noticed a two-headed ogre
 12735 | D:9      | Killed a two-headed ogre
 12936 | D:9      | Noticed bmj180's ghost (journeyman DrCj)
 12936 | D:9      | Noticed semitonal's ghost (novice DrTm)
 12937 | D:9      | Found a runed translucent gate.
 12937 | D:9      | Found a runed translucent gate.
 12937 | D:9      | Found a runed translucent gate.
 12937 | D:9      | Noticed qborf's ghost (novice FeBe)
 12937 | D:9      | Noticed Lanoc's ghost (novice NaCK)
 12938 | D:9      | Noticed PanSaczeczos's ghost (journeyman HuBe)
 12941 | D:9      | Found the ring of Shadows {Umbra +Inv Stlth+}
 13422 | D:11     | Killed a five-headed hydra
 13423 | D:11     | Reached skill level 9 in Short Blades
 14449 | D:12     | Noticed a two-headed ogre
 14456 | D:12     | Killed a two-headed ogre
 14593 | D:12     | Noticed a six-headed hydra
 14602 | D:12     | Killed a six-headed hydra
 14880 | D:12     | Noticed a two-headed ogre
 14887 | D:12     | Mangled by a two-headed ogre

Illustrated notes

Levels and vault maps discovered:
D:1:      erik_arrival_triangle_small, layout_loops_ring,
          chequers_ecumenical_altar_island, minmay_vboxes
D:2:      minmay_chambers_of_twos, layout_loops_ring, uniq_terence
D:3:      layout_loops_ring
D:4:      layout_basic, minmay_temple_entry_fiery,
          hellmonk_ghost_happy_afterlife, minmay_misc_feat_secret_circle,
          serial_bayou_lagoon_a, cheibrodos_gnoll_hut
D:5:      layout_gridville, cheibrodos_sewer_entry_drain, serial_park_tiny_1,
          hangedman_glass_teeth, st_stairs_9
D:6:      layout_rooms, enter_ossuary_3, minmay_hollow_rounded_squares,
          uniq_duvessa, uniq_pikel, uniq_sigmund
D:7:      layout_loops_cross
D:8:      layout_cave_pools, erik_lair_dragon
D:9:      kennysheep_six_static_rooms, layout_basic, serial_curves,
          eino_curves_02, eino_curves_02, eino_curves_02,
          gammafunk_ghost_cemetery
D:10:     layout_basic, lemuel_doored_altar, grunt_temple_overflow_open,
          uniq_maurice
D:11:     layout_loops_ring
D:12:     cheibrodos_magma_flow, layout_irregular_city

Skill      XL: |  1  2  3  4  5  6  7  8  9 10 11 |
---------------+----------------------------------+-----
Dodging        | 2 4 |  4.6
Spellcasting   | 2 3 4 5 6 |  6.6
Fighting       | 1 2 4 6 7 |  7.4
Ice Magic      | 4 5 6 |  6.2
Shields        | 1 2 4 |  4.0
Conjurations   | 3 5 7 8 |  8.1
Short Blades   | 4 7 9 |  9.5
Fire Magic     | 2 5 6 |  6.6
Earth Magic    | 1 4 |  4.0
Stealth        | |  1.7

Action                   |  1- 3 |  4- 6 |  7- 9 | 10-12 || total
-------------------------+-------+-------+-------+-------++-------
Melee: Unarmed           |    15 |       |       |       ||    15
       Dagger            |    48 |       |   365 |    37 ||   450
       Short sword       |     4 |   169 |    72 |   150 ||   395
 Cast: Freeze            |    46 |     7 |    14 |     1 ||    68
       Frozen Ramparts   |     2 |    19 |    25 |    32 ||    78
       Static Discharge  |       |     5 |    27 |       ||    32
       Ozocubu's Armour  |       |       |     7 |     2 ||     9
       Hailstorm         |       |       |    23 |    22 ||    45
       Sticky Flame      |       |       |    17 |    16 ||    33
       Bolt of Magma     |       |       |       |    21 ||    21
Evoke: Wand              |       |       |       |     3 ||     3
  Use: Potion            |     1 |     2 |     1 |       ||     4
       Scroll            |       |       |     6 |     7 ||    13
 Stab: Sleeping          |     1 |       |       |     1 ||     2
       Distracted        |       |       |     1 |       ||     1
Armor: Robe              |    25 |       |    20 |       ||    45
       Leather armour    |    12 |    76 |   201 |    53 ||   342
       Skin              |       |     5 |       |       ||     5
Dodge: Dodged            |    60 |   135 |   240 |    99 ||   534
Block: Buckler           |       |    14 |   111 |    46 ||   171

Table legend: (Time is in decaauts)
 A = Elapsed time spent in this place.
 B = Non-inter-level travel time spent in this place.
 C = Inter-level travel time spent in this place.
 D = Time resting spent in this place.
 E = Time spent auto-exploring this place.
 F = Levels seen in this place.
 G = Mean time per level.
                   A        B        C        D        E       F      G
               +--------+--------+--------+--------+--------+-----+--------+
         Total |  14933 |  14525 |    408 |    848 |  11214 |  14 | 1066.6 |
       Dungeon |  13529 |  13121 |    408 |    650 |  10477 |  12 | 1127.4 |
         Sewer |    611 |    611 |      0 |      0 |    436 |   1 |  611.0 |
       Ossuary |    793 |    793 |      0 |    198 |    301 |   1 |  793.0 |
               +--------+--------+--------+--------+--------+-----+--------+

Top non-repeatable levels by time:
     D:1: 1554 daAuts
     D:5: 1419 daAuts
    D:11: 1345 daAuts
     D:4: 1333 daAuts
     D:9: 1134 daAuts
     D:6: 1099 daAuts
     D:7: 1062 daAuts
    D:10: 1044 daAuts
     D:2: 1031 daAuts
     D:3: 996 daAuts
     D:8: 986 daAuts
 Ossuary: 793 daAuts
   Sewer: 611 daAuts
    D:12: 520 daAuts
